cohdb
Replays
Latest Replays
All Replays
Popular Replays
Top Player Replays
Match Explorer
How It Works
Community
CoH3 Stats
Reddit
Sign in to upload your games and track your stats! →
Sign in with Steam
Match 38011537
Unlisted
Match 38011537
Overview
Messages
Build Orders
End
Royal Engineer Section
Construct Section Command Post
Selects Indian Artillery Battlegroup
Infantry Section
Infantry Section
Selects Towed ML 4.2-inch Heavy Mortar
Towed ML 4.2-inch Heavy Mortar
Construct Platoon Command Post
Grenade Package
Infantry Section
Humber Armored Car
Selects Valour
Construct Company Command Post
Infantry Section
Selects Gurkha Rifles Section
Selects Pillage
Matilda II Heavy Tank
BIOHAZARD
Brigadierbadge®
0
0
Comments
sign in to comment!
No comments posted yet!